 Dungeon Crawl Stone Soup version 0.18.1-50-g88ac8fd (webtiles) character file.

9706 wyrdjoy the Severer (level 11, 0/82 HPs)
             Began as a Minotaur Berserker on May 8, 2017.
             Was a High Priest of Trog.
             Succumbed to Sonja's curare-tipped needle
             ... on level 11 of the Dungeon.
             The game lasted 00:27:58 (10678 turns).

wyrdjoy the Severer (Minotaur Berserker)           Turns: 10678, Time: 00:27:59

Health: 0/82       AC: 12    Str: 22    XL:     11   Next: 26%
Magic:  2/10       EV:  7    Int:  4    God:    Trog [*****.]
Gold:   142        SH:  0    Dex: 13    Spells: 0 memorised, 10 levels left

rFire  . . .     SeeInvis .     g - +3 battleaxe (freeze)
rCold  . . .     Gourm    .     A - +0 plate armour
rNeg   . . .     Faith    .     (shield currently unavailable)
rPois  .         Spirit   +     (helmet restricted)
rElec  .         Dismiss  .     H - +0 cloak
rCorr  .         Reflect  .     (no gloves)
SustAt +         Harm     .     (no boots)
MR     ++...                    x - amulet of guardian spirit
Stlth  ..........               (no ring)
                                J - ring of sustain attributes

@: lethally poisoned (0 -> -3), regenerating, slowed, very slow, very resistant
to hostile enchantments, extremely unstealthy
A: retaliatory headbutt, horns 2
a: Berserk, Trog's Hand, Brothers in Arms, Burn Spellbooks, Renounce Religion


You were on level 11 of the Dungeon.
You worshipped Trog.
Trog was extremely pleased with you.
You were not hungry.

You visited 1 branch of the dungeon, and saw 11 of its levels.
You also visited: Bailey.

You collected 569 gold pieces.
You spent 427 gold pieces at shops.

Inventory:

Hand Weapons
 a - a +0 hand axe
 g - a +3 battleaxe of freezing (weapon)
 l - the +7 spear "Guwuisif" {drain, Str+5}
   (You found it on level 8 of the Dungeon)

   A truly terrible weapon, it drains the life of those it strikes.
   It affects your strength (+5).
 G - a +0 battleaxe
 M - a +2 whip of holy wrath
Armour
 A - a +0 plate armour (worn)
 H - a +0 cloak (worn)
Jewellery
 x - an amulet of guardian spirit (around neck)
 J - a ring of sustain attributes (left hand)
Wands
 i - a wand of flame (6/48)
 w - a wand of disintegration (10/24)
 B - a wand of teleportation (3/9)
 D - a wand of acid (5/15)
 K - a wand of paralysis (16/24)
Scrolls
 b - 5 scrolls of fog {unknown}
 e - 2 scrolls of amnesia {unknown}
 j - 5 scrolls of remove curse
 k - a scroll of blinking {unknown}
 m - 5 scrolls of enchant weapon
 n - 3 scrolls of recharging
 o - 4 scrolls of teleportation
 t - 4 scrolls of random uselessness {unknown}
 y - 2 scrolls of immolation {unknown}
 C - a scroll of vulnerability {unknown}
 F - 3 scrolls of identify
Potions
 d - 2 potions of ambrosia
 h - a potion of agility
 q - a potion of resistance
 r - a potion of flight
 s - a potion of curing
 z - 3 potions of haste
 L - 2 potions of cure mutation {unknown}
 N - a potion of might {unknown}
Books
 E - a Fen Folio

   Spells                             Type                      Level
   a - Corpse Rot                     Necromancy                   2
   b - Stone Arrow                    Conjuration/Earth            3
   c - Leda's Liquefaction            Hexes/Earth                  4
   d - Summon Forest                  Summoning/Translocation      5
   e - Hydra Form                     Transmutation                6
   f - Summon Hydra                   Summoning                    7
   Trog disapproves of the use of such an item.
 I - a book of Debilitation

   Spells                             Type                      Level
   a - Corona                         Hexes                        1
   b - Slow                           Hexes                        2
   c - Gell's Gravitas                Hexes/Translocation          3
   d - Inner Flame                    Hexes/Fire                   3
   e - Cause Fear                     Hexes                        4
   f - Leda's Liquefaction            Hexes/Earth                  4
   Trog disapproves of the use of such an item.
Comestibles
 c - 7 bread rations
 f - 5 meat rations
 u - a beef jerky
 v - 19 fruits


   Skills:
 - Level 3.6 Fighting
 + Level 19.4 Axes
 - Level 2.4 Armour
 - Level 2.1 Dodging


You had 10 spell levels left.
You didn't know any spells.

Dungeon Overview and Level Annotations

Branches:
Dungeon (11/15)            Temple (0/1) D:4            Lair (0/8) D:8
    Orc (0/2) D:10

Altars:
Ashenzari
Cheibriados
Dithmenos
Gozag
Kikubaaqudgha
Makhleb
Nemelex Xobeh
Okawaru
Pakellas
Qazlal
Ru
Zin

Shops:
D:4 ?   D:6 [   D:10 [

Annotations:
D:11 Sonja


Innate Abilities, Weirdness & Mutations

You reflexively headbutt those who attack you in melee.
You have a pair of horns on your head.


Message History

You feel very sick.
You feel sick.
You feel sick.
Sonja shoots a curare-tipped needle.
The curare-tipped needle hits you.
You are more poisoned.
You have difficulty breathing.
* * * LOW HITPOINT WARNING * * *
You feel as though you will be slow longer.
You see here a curare-tipped needle.
* * * LOW HITPOINT WARNING * * *
You feel very sick.
Sonja shoots a curare-tipped needle.
The curare-tipped needle closely misses you.
* * * LOW HITPOINT WARNING * * *
You feel very sick.
Sonja gestures wildly while chanting.
Sonja blinks!
Sonja gestures wildly while chanting.
Sonja blinks!
You die...

..K..# #....#
#..... #....
#...# #..§#
#..(## #...§###
#.....@######..
#......(......#
##..#####....##
##.##########
#.........##
#..........#
#..######..##
#.##.####...#
##.#.<....#..#


There were no monsters in sight!

Vanquished Creatures
  Maud (D:11)
  A hill giant (D:11)
  An ugly thing (D:11)
  Psyche (D:8)
  A centaur zombie (D:10)
  2 centaur skeletons
  A komodo dragon (D:8)
  A polar bear (D:11)
  3 trolls
  A two-headed ogre (D:5)
  A wyvern (D:9)
  3 hungry ghosts
  A hippogriff (D:10)
  3 orc warriors
  3 ice beasts
  A sky beast (D:5)
  3 phantoms
  2 centaurs
  4 ogres
  Blork the orc (D:6)
  2 big kobolds
  7 giant frogs
  A wyvern zombie (D:7)
  A gnoll sergeant (D:5)
  2 scorpions
  6 killer bees (D:7)
  10 wights
  6 crimson imps
  A giant frog zombie (D:5)
  2 howler monkeys (D:7)
  7 hounds
  2 jellies
  A gnoll shaman (D:6)
  6 orc priests
  2 iguanas
  A giant frog skeleton (D:6)
  10 orc wizards
  8 worker ants
  A killer bee zombie (D:7)
  A hound zombie (D:10)
  A hound skeleton (D:4)
  A mummy (D:5)
  11 gnolls
  7 adders
  2 howler monkey skeletons
  3 shadow imps
  2 oozes
  An adder skeleton (D:5)
  2 worms
  2 dart slugs
  4 giant geckos
  19 orcs
  7 bats
  3 giant cockroaches
  11 goblins
  10 hobgoblins
  11 jackals
  14 kobolds
  5 quokkas
  2 ball pythons
  A giant gecko zombie (D:5)
  6 giant newts
  9 rats
  2 plants (D:8)
248 creatures vanquished.

Vanquished Creatures (others)
  A jelly (D:4)
  A plant (D:8)
2 creatures vanquished.

Grand Total: 250 creatures vanquished

Notes
Turn   | Place    | Note
--------------------------------------------------------------
     0 | D:1      | wyrdjoy the Minotaur Berserker began the quest for the Orb.
     0 | D:1      | Reached XP level 1. HP: 19/19 MP: 0/0
    67 | D:1      | Reached skill level 4 in Axes
    84 | D:1      | Reached XP level 2. HP: 16/26 MP: 1/1
   505 | D:1      | Reached ** piety under Trog
   713 | D:1      | Reached skill level 5 in Axes
   735 | D:1      | Reached XP level 3. HP: 28/31 MP: 2/2
  1340 | D:2      | Reached skill level 6 in Axes
  1340 | D:2      | Reached XP level 4. HP: 33/39 MP: 3/3
  1526 | D:3      | Found a faded altar to an unknown god.
  1661 | D:3      | Found an iron altar of Okawaru.
  2151 | D:4      | Reached skill level 7 in Axes
  2151 | D:4      | Reached XP level 5. HP: 23/45 MP: 4/4
  2512 | D:4      | Reached *** piety under Trog
  2743 | D:4      | Reached skill level 8 in Axes
  2778 | D:4      | Found a staircase to the Ecumenical Temple.
  2831 | D:4      | Reached XP level 6. HP: 45/51 MP: 5/5
  2926 | D:4      | Reached skill level 9 in Axes
  2998 | D:4      | Found Kaeturr's Magic Scroll Boutique.
  3001 | D:4      | Bought a scroll of teleportation for 30 gold pieces
  3001 | D:4      | Bought a scroll of identify for 20 gold pieces
  3001 | D:4      | Bought a scroll of identify for 20 gold pieces
  3001 | D:4      | Bought a scroll of identify for 20 gold pieces
  3001 | D:4      | Bought a scroll of identify for 20 gold pieces
  3001 | D:4      | Bought a scroll of recharging for 95 gold pieces
  3359 | D:4      | Found an oddly glowing altar of Pakellas.
  3359 | D:4      | Noticed an orange crystal statue
  3550 | D:5      | Entered Level 5 of the Dungeon
  3561 | D:5      | Reached XP level 7. HP: 47/57 MP: 6/6
  3617 | D:5      | Got a scorched leather armour
  3628 | D:5      | Identified the +1 leather armour of Lethargy {rElec rC- SInv} (You found it on level 5 of the Dungeon)
  3669 | D:5      | Reached skill level 10 in Axes
  4283 | D:5      | Noticed a two-headed ogre
  4289 | D:5      | Killed a two-headed ogre
  4289 | D:5      | Reached skill level 11 in Axes
  4289 | D:5      | Reached XP level 8. HP: 64/64 MP: 7/7
  4450 | D:5      | Found a stormy altar of Qazlal.
  4451 | D:5      | Found a sacrificial altar of Ru.
  4451 | D:5      | Found a shadowy altar of Dithmenos.
  4468 | D:5      | Found a burning altar of Makhleb.
  4468 | D:5      | Found an ancient bone altar of Kikubaaqudgha.
  4470 | D:5      | Found a sparkling altar of Nemelex Xobeh.
  4470 | D:5      | Found a glowing silver altar of Zin.
  4476 | D:5      | Found an iron altar of Okawaru.
  4700 | D:5      | Reached skill level 12 in Axes
  4801 | D:5      | Found a snail-covered altar of Cheibriados.
  4867 | D:6      | Found an opulent altar of Gozag.
  4867 | D:6      | Noticed Blork the orc
  4876 | D:6      | Killed Blork the orc
  4974 | D:6      | Found Gussuapo's Armour Boutique.
  4976 | D:6      | Reached **** piety under Trog
  5175 | D:6      | Reached skill level 13 in Axes
  5567 | D:6      | Reached XP level 9. HP: 31/70 MP: 8/8
  5850 | D:6      | Reached skill level 14 in Axes
  5913 | D:4      | Bought 2 scrolls of enchant weapon for 150 gold pieces
  6698 | D:7      | Reached skill level 15 in Axes
  7118 | D:8      | Noticed Psyche
  7123 | D:8      | Killed Psyche
  7159 | D:8      | Reached skill level 16 in Axes
  7286 | D:8      | Reached XP level 10. HP: 44/77 MP: 9/9
  7303 | D:8      | Found a shattered altar of Ashenzari.
  7369 | D:8      | Found a flagged portal.
  7380 | Bailey   | Entered a bailey
  7380 | Bailey   | Noticed an orc knight
  7381 | Bailey   | Noticed an orc knight
  7381 | Bailey   | Noticed an orc knight
  7861 | D:8      | Got a warped spear
  7871 | D:8      | Identified the +7 spear "Guwuisif" {drain, Str+5} (You found it on level 8 of the Dungeon)
  7928 | D:8      | Found a staircase to the Lair.
  8394 | D:9      | Reached skill level 17 in Axes
  8603 | D:9      | Reached ***** piety under Trog
  9149 | D:10     | Entered Level 10 of the Dungeon
  9469 | D:10     | Reached skill level 18 in Axes
  9629 | D:10     | Found Kimeut's Armour Shop.
  9643 | D:10     | Bought a +0 cloak for 72 gold pieces
  9948 | D:10     | Found a staircase to the Orcish Mines.
 10474 | D:11     | Noticed a brown ugly thing
 10476 | D:11     | Noticed Maud
 10482 | D:11     | Killed a brown ugly thing
 10487 | D:11     | Noticed a hill giant
 10494 | D:11     | Reached XP level 11. HP: 46/82 MP: 3/10
 10495 | D:11     | Killed Maud
 10495 | D:11     | Reached skill level 19 in Axes
 10497 | D:11     | HP: 5/123 [hill giant/giant club (18)]
 10499 | D:11     | Killed a hill giant
 10669 | D:11     | Noticed Sonja
 10675 | D:11     | HP: 4/82 [asphyx]
 10677 | D:11     | HP: 1/82 [poisoned by Sonja (curare-tipped needle)]
 10678 | D:11     | Succumbed to Sonja's curare-tipped needle

Skill      XL: |  1  2  3  4  5  6  7  8  9 10 11 |
---------------+----------------------------------+-----
Axes           | 4 5 6 7 8 9 11 13 16 18 19 | 19.4
Fighting       | |  3.6
Armour         | |  2.4
Dodging        | |  2.1

Action                   |  1- 3 |  4- 6 |  7- 9 | 10-12 || total
-------------------------+-------+-------+-------+-------++-------
Melee: Hand axe          |    86 |   172 |    92 |       ||   350
       Headbutt          |    16 |    34 |    49 |    43 ||   142
       Battleaxe         |       |       |   145 |    45 ||   190
       Spear             |       |       |       |   180 ||   180
Invok: Berserk           |     1 |       |     8 |     4 ||    13
       Trog's Hand       |       |     2 |       |     1 ||     3
       Burn Spellbooks   |       |       |       |     2 ||     2
Evoke: Wand              |       |       |       |     2 ||     2
  Use: Scroll            |       |       |    10 |       ||    10
       Potion            |       |       |       |     1 ||     1
  Eat: Chunk             |     2 |     7 |    21 |     6 ||    36
       Fruit             |       |     1 |       |     7 ||     8
       Royal jelly       |       |       |       |     1 ||     1
       Pizza             |       |       |       |     1 ||     1
       Beef jerky        |       |       |       |     1 ||     1
Armor: Leather armour    |     7 |       |       |       ||     7
       Chain mail        |    26 |    88 |    79 |       ||   193
       Plate armour      |       |       |     6 |    51 ||    57
Dodge: Dodged            |    48 |    56 |    81 |    41 ||   226
